 Dungeon Crawl Stone Soup version 0.23-a0-49-gd9f7a49 (webtiles) character file.

124 galech the Shield-Bearer (level 4, -2/40 HPs)
             Began as a Minotaur Fighter on Aug 6, 2018.
             Slain by a gnoll (7 damage)
             ... on level 3 of the Dungeon.
             The game lasted 00:02:05 (1349 turns).

galech the Shield-Bearer (Minotaur Fighter)         Turns: 1349, Time: 00:02:06

Health: -2/40      AC:  8    Str: 21    XL:     4   Next: 81%
Magic:  3/3        EV:  7    Int:  5    God:
Gold:   118        SH:  9    Dex: 10    Spells: 3/3 levels left

rFire    . . .     SeeInvis .   a - +0 war axe
rCold    . . .     Gourm    .   c - +0 shield
rNeg     . . .     Faith    .   b - +0 scale mail
rPois    +         Spirit   .   (helmet restricted)
rElec    .         Reflect  .   (no cloak)
rCorr    .         Harm     .   n - +0 pair of gloves
MR       .....                  (no boots)
Stlth    ..........             (no amulet)
HPRegen  0.13/turn              o - ring of poison resistance
MPRegen  0.08/turn              (no ring)

@: no status effects
A: retaliatory headbutt, horns 2
a: no special abilities


You were on level 3 of the Dungeon.
You were not hungry.

You visited 1 branch of the dungeon, and saw 3 of its levels.

You collected 118 gold pieces.

Inventory:

Hand Weapons
 a - a +0 war axe (weapon)
Armour
 b - a +0 scale mail (worn)
 c - a +0 shield (worn)
 n - a +0 pair of gloves (worn)
Jewellery
 m - an uncursed ring of ice
 o - a ring of poison resistance (left hand)
Scrolls
 e - a scroll of amnesia {unknown}
 l - a scroll of magic mapping {unknown}
 p - a scroll of blinking {unknown}
Potions
 d - a potion of might
 h - a potion of brilliance {unknown}
 i - a potion of lignification {unknown}
 j - a potion of heal wounds {unknown}
 k - 4 potions of curing {unknown}
 q - a potion of invisibility {unknown}
Comestibles
 f - 5 rations
 g - 2 chunks of flesh


   Skills:
 + Level 4.2 Fighting
 + Level 4.5 Axes
 + Level 4.1 Armour
 + Level 0.3 Dodging
 + Level 4.6 Shields


You had 3 spell levels left.
You didn't know any spells.
Your spell library was empty.

Dungeon Overview and Level Annotations

Branches:
Dungeon (3/15)

Altars:
Trog
Yredelemnul


Innate Abilities, Weirdness & Mutations

You reflexively headbutt those who attack you in melee.
You have a pair of horns on your head.


Message History

The gnoll is heavily wounded.
You barely miss the gnoll. The gnoll barely misses you. x2
The gnoll hits you but does no damage.
Unknown command.
You closely miss the gnoll.
The gnoll is heavily wounded.
You hit the gnoll. The gnoll hits you.
* * * LOW HITPOINT WARNING * * *
The gnoll closely misses you. You block the gnoll's attack.
Unknown command.
You slash the gnoll!
You kill the gnoll!
You hit the gnoll. The gnoll barely misses you.
You hit the gnoll.
The gnoll is almost dead.
The gnoll hits you but does no damage.
You closely miss the gnoll.
The gnoll is almost dead.
The gnoll hits you!
You die...

#.###.##.....
... #..........
###.#.##.. ##.#
#.# #.# #.# #.#
#@#
...(..g))...#
....###.#.%....
.. #.#.#.###
..# # # ###


You could see a gnoll.

Vanquished Creatures
  4 gnolls
  2 adders (D:3)
  An ooze (D:1)
  2 worms
  2 dart slugs (D:1)
  A leopard gecko (D:2)
  An orc (D:3)
  6 bats
  A giant cockroach (D:2)
  2 gnoll zombies (D:2)
  8 goblins
  6 hobgoblins
  2 jackals (D:2)
  A quokka (D:2)
  4 frilled lizards
  4 kobolds
  6 rats
53 creatures vanquished.

Notes
Turn   | Place    | Note
-------+----------+-------------------------------------------
     0 | D:1      | galech the Minotaur Fighter began the quest for the Orb.
     0 | D:1      | Reached XP level 1. HP: 19/19 MP: 0/0
   145 | D:1      | Reached XP level 2. HP: 27/27 MP: 1/1
   406 | D:1      | Reached XP level 3. HP: 24/33 MP: 2/2
  1012 | D:2      | Found a bloodstained altar of Trog.
  1146 | D:2      | Found a basalt altar of Yredelemnul.
  1226 | D:3      | Reached XP level 4. HP: 26/40 MP: 3/3
  1349 | D:3      | Slain by a gnoll

Vault maps used:
D:1:      dpeg_arrival_long_road
D:2:      lemuel_zombie_altar_yredelemnul, lemuel_coloured_pillars_altar
D:3:      overflow_temple_1_default

Skill      XL: |  1  2  3  4 |
---------------+-------------+-----
Fighting       | 4 |  4.2
Shields        | 4 |  4.6
Armour         | 4 |  4.1
Axes           | 3 4 |  4.5
Dodging        | |  0.3

Action                   |  1- 3 |  4- 6 || total
-------------------------+-------+-------++-------
Melee: War axe           |    96 |    21 ||   117
       Headbutt          |    12 |     4 ||    16
  Use: Scroll            |     2 |       ||     2
  Eat: Chunk             |     1 |     1 ||     2
Armor: Scale mail        |    58 |    11 ||    69
Dodge: Dodged            |    20 |    16 ||    36
Block: Shield            |    55 |    13 ||    68

Table legend:
 A = Spawn XP
 B = Non-spawn XP
 C = Spawn XP percentage of total XP
 D = Spawn monster count
 E = Non-spawn monster count
 F = Spawn count percentage of total count
 G = Total turns spent on level
                    A         B        C        D         E        F      G
               +---------+---------+-------+---------+---------+-------+---------
         Total |       0 |     178 |   0.0 |       0 |      53 |   0.0 |  1349
               +---------+---------+-------+---------+---------+-------+---------
           D:1 |       0 |      50 |   0.0 |       0 |      19 |   0.0 |   690
           D:2 |       0 |      45 |   0.0 |       0 |      24 |   0.0 |   532
           D:3 |       0 |      83 |   0.0 |       0 |      10 |   0.0 |   127
               +---------+---------+-------+---------+---------+-------+---------
